 Dungeon Crawl Stone Soup version 0.17.0-28-g6e173f8 (webtiles) character file.

178 Shizoidos the Shield-Bearer (level 5, -5/47 HPs)
             Began as a Minotaur Fighter on Nov 23, 2015.
             Killed by divine providence
             ... invoked by an orc priest
              (14 damage)
             ... on level 4 of the Dungeon.
             The game lasted 00:05:28 (2556 turns).

Shizoidos the Shield-Bearer (Minotaur Fighter)      Turns: 2556, Time: 00:05:29

Health: -5/47      AC:  9    Str: 21    XL:     5   Next: 32%
Magic:  4/4        EV:  8    Int:  5    God:
Gold:   104        SH: 10    Dex: 10    Spells: 0 memorised, 4 levels left

rFire  . . .     SeeInvis .     a - +0 trident
rCold  . . .     Clarity  .     b - +2 scale mail
rNeg   . . .     SustAt   .     c - +0 shield
rPois  .         Gourm    .     (helmet restricted)
rElec  .         Spirit   .     (no cloak)
rCorr  .         Warding  .     (no gloves)
rMut   .         Stasis   .     (no boots)
MR     .....                    (no amulet)
Stlth  ..........               (no ring)
                                (no ring)

@: not resistant to hostile enchantments, extremely unstealthy
A: retaliatory headbutt, horns 2
a: no special abilities


You were on level 4 of the Dungeon.
You were not hungry.

You visited 1 branch of the dungeon, and saw 4 of its levels.

You collected 104 gold pieces.

Inventory:

Hand Weapons
 a - a +0 trident (weapon)
 d - a +0 short sword of freezing
Armour
 b - a +2 scale mail (worn)
 c - a +0 shield (worn)
Wands
 l - a wand of fireball (4)
Scrolls
 f - a scroll of identify
 h - 2 scrolls of teleportation
Potions
 g - a potion of cancellation
 i - a potion of might
 k - a potion of invisibility
Comestibles
 e - a bread ration
 j - a meat ration


   Skills:
 + Level 4.6 Fighting
 + Level 3.4 Polearms
 + Level 4.7 Armour
 + Level 1.8 Dodging
 + Level 4.9 Shields


You had 4 spell levels left.
You didn't know any spells.

Dungeon Overview and Level Annotations

Branches:
Dungeon (4/15)
 Temple: D:4-7

Altars:
Vehumet


Innate Abilities, Weirdness & Mutations

You reflexively headbutt those who attack you in melee.
You have a pair of horns on your head.


Message History

You block the orc priest's attack.
The orc wizard points at you and mumbles some strange words.
You resist with some effort. The orc priest closely misses you.
The orc wizard barely misses you.
The orc priest casts a cantrip, but nothing happens.
You block the orc priest's attack.
The orc wizard hits you but does no damage.
There are monsters nearby!
The orc hits you but does no damage.
The orc wizard hits you but does no damage.
The orc priest barely misses you.
The orc priest calls down the wrath of Beogh upon you.
Something smites you!
* * * LOW HITPOINT WARNING * * *
The orc wizard casts a spell.
The orc wizard flickers and vanishes!
Deactivating autopickup; reactivate with Ctrl-A.
The orc priest invokes the aid of Beogh against you.
Something smites you!
You die...

###### .....
....#######
#........##
#.........#
.###.........#
_###...@o....###
.###...oooo.....
#..#.o{...###
#..#oooo..# ...
#.o....# ####
#......#
#..>...#
#........
#......###


You could see 3 orc priests, 2 orc wizards and 6 orcs.

Vanquished Creatures
  Natasha (thrice) (D:2)
  Robin (D:2)
  4 adders
  A gnoll (D:1)
  An ooze (D:3)
  5 worms
  2 orcs (D:3)
  5 bats
  3 giant cockroaches
  13 goblins
  4 hobgoblins
  12 jackals
  6 kobolds
  A giant gecko (D:3)
  4 giant newts
  3 rats
68 creatures vanquished.

Notes
Turn   | Place    | Note
--------------------------------------------------------------
     0 | D:1      | Shizoidos the Minotaur Fighter began the quest for the Orb.
     0 | D:1      | Reached XP level 1. HP: 19/19 MP: 0/0
   171 | D:1      | Reached skill level 4 in Armour
   171 | D:1      | Reached XP level 2. HP: 24/27 MP: 1/1
   652 | D:2      | Reached XP level 3. HP: 31/33 MP: 2/2
   738 | D:2      | Noticed Robin
   757 | D:2      | Killed Robin
  1086 | D:2      | Reached XP level 4. HP: 41/41 MP: 3/3
  1448 | D:2      | Noticed Natasha
  1455 | D:2      | Killed Natasha
  1455 | D:2      | Reached skill level 1 in Dodging
  1595 | D:2      | Noticed Natasha
  1603 | D:2      | Killed Natasha
  1746 | D:2      | Noticed Natasha
  1752 | D:2      | Killed Natasha
  1908 | D:3      | Reached XP level 5. HP: 35/47 MP: 4/4
  2545 | D:4      | Found a radiant altar of Vehumet.
  2556 | D:4      | Killed from afar by an orc priest

Action                   |  1- 3 |  4- 6 || total
-------------------------+-------+-------++-------
Melee: Trident           |    79 |   104 ||   183
  Use: Scroll            |     8 |       ||     8
       Potion            |     1 |     1 ||     2
  Eat: Pizza             |       |     1 ||     1
       Bread ration      |       |     1 ||     1
       Beef jerky        |       |     1 ||     1
